Map: Blueshift LE

Players

Bly

  • Race: Zerg Zerg
  • League: Master
  • Spawn Location: 1:00

Trap - Winner!

  • Race: Protoss Protoss
  • League: Master
  • Spawn Location: 7:00

Event: HomeStory Cup XVIII

VOD

Have the link to the VOD?

Description

Time

  • Played on: Nov. 23, 2018, 7:32 a.m.
  • Length: 7:40

All games in this series

Show
View Real Time Build Order
Export as new Build Order

Bly Zerg 

Build Orders: Hatch First 

Get SALT Encoding   

  12  0:02  Drone  
  13  0:13  Overlord  
  13  0:18  Drone  
  14  0:31  Drone x2  
  16  0:48  Hatchery  
  15  0:51  Drone  
  15  0:54  Drone  
  17  0:59  Drone  
  18  1:09  Extractor  
  18  1:10  Drone  
  18  1:17  Spawning Pool  
  17  1:24  Drone  
  18  1:28  Drone  
  19  1:44  Drone  
  20  1:51  Overlord  
  20  2:04  Queen x2  
  20  2:05  Zergling x4  
  26  2:16  Drone x2  
  26  2:20  Metabolic Boost  
  28  2:31  Drone  
  28  2:32  Drone x2  
  31  2:45  Hatchery  
  31  2:51  Queen  
  30  2:55  Drone  
  30  2:57  Drone  
  30  2:58  Drone  
  35  3:02  Overlord  
  35  3:12  Drone  
  36  3:16  Overlord  
  36  3:21  Drone x3  
  36  3:22  Drone x2  
  36  3:27  Queen  
  41  3:31  Overlord  
  43  3:37  Drone x2  
  45  3:41  Drone  
  45  3:43  Overlord  
  45  3:46  Drone x2  
  48  3:53  Drone x2  
  48  3:54  Extractor  
  49  3:58  Drone x2  
  48  4:06  Drone x4  
  48  4:09  Zergling x2  
  53  4:12  Lair  
  53  4:13  Zergling x2  
  55  4:17  Zergling x4  
  55  4:18  Overlord  
  53  4:35  Drone x6  
  53  4:37  Drone  
  59  4:42  Drone x4  
  63  4:47  Drone  
  63  4:52  Spore Crawler  
  63  4:53  Spore Crawler  
  63  4:54  Spore Crawler  
  63  4:57  Drone x2  
  63  4:58  Extractor  
  62  5:05  Drone x3  
  59  5:10  Drone x7  
  65  5:16  Drone x2  
  66  5:27  Drone x2, Roach Warren  
  66  5:28  Drone  
  67  5:29  Drone x3  
  67  5:32  Extractor  
  67  5:33  Extractor  
  68  5:36  Extractor, Zergling x4  
  68  5:43  Zergling x2  
  68  5:49  Zergling x8  
  64  6:06  Drone x2  
  64  6:07  Drone  
  64  6:08  Glial Reconstitution  
  64  6:09  Overlord, Roach x3  
  64  6:10  Overlord x2  
  70  6:24  Roach x2  
  72  6:27  Overlord x4  
  72  6:34  Drone x5  
  73  6:40  Roach  
  73  6:44  Roach x2  
  73  6:45  Queen x2  
  79  6:47  Overseer  
  79  6:53  Roach  
  79  6:54  Roach x2  
  82  6:58  Queen  
  74  7:03  Roach  
  74  7:04  Roach x2  
  63  7:20  Roach x3  
  63  7:21  Roach  
  61  7:38  Ravager  
Show
View Real Time Build Order
Export as new Build Order

Trap Protoss - Winner!

Build Orders: 1 Gate Expand, Oracle Opening, Zealot Archon, Archon Drop 

Get SALT Encoding   

  12  0:00  Probe  
  13  0:13  Probe  
  14  0:20  Pylon  
  14  0:25  Probe  
  15  0:34  Probe  
  15  0:42  Probe  
  16  0:44  Gateway  
  17  0:52  Probe  
  17  0:53  Assimilator  
  18  1:04  Probe  
  19  1:16  Probe  
  20  1:25  Nexus  
  20  1:34  Cybernetics Core  
  20  1:37  Probe  
  21  1:44  Assimilator  
  21  1:49  Probe  
  21  1:53  Pylon  
  23  2:01  Probe  
  23  2:02  Adept  
  23  2:13  Probe  
  26  2:18  Stargate  
  26  2:25  Probe  
  26  2:27  Warp Gate  
  26  2:29  Pylon  
  27  2:34  Probe x2  
  27  2:35  Adept  
  29  2:42  Probe x2  
  33  2:52  Probe x2  
  33  2:53  Oracle  
  35  3:04  Probe x2  
  40  3:08  Stalker  
  42  3:14  Pylon  
  42  3:17  Probe x2  
  44  3:23  Gateway  
  44  3:26  Oracle  
  44  3:29  Probe x2  
  46  3:39  Assimilator  
  49  3:41  Probe  
  49  3:42  Probe  
  51  3:49  Pylon  
  51  3:55  Probe x2  
  53  3:56  Robotics Facility  
  52  4:08  Probe x2  
  54  4:12  Assimilator  
  54  4:16  Twilight Council  
  54  4:17  Pylon  
  54  4:20  Probe x2  
  54  4:32  Probe x2  
  54  4:33  Warp Prism  
  54  4:39  Zealot x2  
  54  4:44  Charge  
  60  4:47  Gateway  
  60  4:48  Gateway  
  60  4:55  Templar Archives  
  60  4:57  Pylon  
  60  5:09  Zealot x2  
  63  5:15  Probe x2  
  63  5:36  Probe x2  
  63  5:41  High Templar  
  63  5:42  High Templar x2  
  70  5:44  High Templar  
  70  5:48  Gateway  
  70  5:49  Gateway  
  71  5:52  Gateway  
  71  5:54  Archon, Probe x2  
  71  5:55  Archon  
  73  5:58  Observer  
  74  6:05  Forge  
  74  6:08  Pylon  
  74  6:09  Nexus  
  75  6:11  Pylon, Probe x2  
  75  6:12  Pylon  
  75  6:15  Warp Prism  
  74  6:26  Zealot x4  
  74  6:30  Probe x2  
  80  6:49  Probe x2  
  80  6:51  Immortal  
  80  6:53  Zealot x7  
  96  7:00  Robotics Facility  
  100  7:09  Probe x2  
  100  7:26  Zealot x6  
  100  7:28  Zealot  
Tags
 
Add a new tag
Caveats
  • Supply blocks, unpowered buildings, or Contaminate may cause inaccurate times.
  • Supply counts are checked every 10 seconds.